AoeStats
← tony le gros rou

African Clearing

505918187Analyzed
4v4 RM · 19d ago on Sep 11, 2026· 63m 58s· 8 players
Game mode
Random Map
Map size
Large (8 player)
Population
200
Speed
Normal
Resources
Standard
Victory
Conquest
Starting age
Dark Age
Ending age
Imperial Age
RankedLock teamsTeams togetherTeam positionsShared explorationLock speedFull tech treeHidden civsTurbo modeCheats
Victory
Defeat
🇨🇿 Inca · Czechia
1585
+9
🇨🇿 Cumans · Czechia
1465
+14
🇨🇿 Portuguese · Czechia
1421
+16
🇨🇿 Huns · Czechia
1287
+21
🇫🇷 Mongols · France
1461
-17
🇫🇷 Maya · France
1441
-16
🇩🇪 Khmer · Germany
1402
-14
🇫🇷 Huns · France
1371
-13
Tonymontana
4:41 Loom
12:50 Feudal Age
15:44 Scale Barding Armor
15:52 Forging
21:54 Castle Age
27:56 Double-Bit Axe
28:06 Horse Collar
29:36 Bloodlines
31:02 Wheelbarrow
30:41 Fletching
32:04 Gold Mining
34:08 Scale Barding Armor
35:18 Iron Casting
38:24 Stone Mining
39:26 Bow Saw
39:18 Heavy Plow
40:00 Gold Shaft Mining
39:37 Husbandry
43:33 Imperial Age
42:39 Hand Cart
42:11 Town Watch
43:44 Chain Barding Armor
43:41 Cavalier
46:02 Two-Man Saw
46:48 Hand Cart
48:36 Bodkin Arrow
53:31 Town Patrol
56:35 Paladin
60:24 Plate Barding Armor
60:50 Blast Furnace
ccereal
10:52 Loom
12:38 Feudal Age
17:32 Castle Age
18:24 Fletching
23:51 Double-Bit Axe
24:08 Double-Bit Axe
28:23 Bodkin Arrow
34:59 Padded Archer Armor
39:48 Leather Archer Armor
47:44 Ballistics
tony le gros rou
13:05 Feudal Age
17:57 Castle Age
19:41 Loom
22:34 Fletching
31:39 Bodkin Arrow
37:52 Padded Archer Armor
40:41 Leather Archer Armor
44:59 Double-Bit Axe
44:57 Horse Collar
46:31 Ballistics
50:08 Husbandry
56:45 Imperial Age
55:49 Wheelbarrow
57:06 Bloodlines
57:09 Thumb Ring
58:41 Parthian Tactics
58:17 Bracer
59:21 Chemistry
58:37 Bow Saw
59:52 Elite Mangudai
60:29 Gold Mining
60:30 Stone Mining
p0n0n0
12:43 Feudal Age
11:15 Loom
15:57 Castle Age
14:42 Double-Bit Axe
17:03 Bow Saw
21:37 Horse Collar
23:36 Wheelbarrow
26:01 Heavy Plow
27:35 Gold Mining
28:44 Hand Cart
31:49 Imperial Age
37:49 Conscription
37:36 Husbandry
38:25 Bloodlines
38:17 Padded Archer Armor
39:29 Siege Engineers
39:58 Ballistics
40:39 Chemistry
40:38 Masonry
41:17 Elite Ballista Elephant
48:11 Crop Rotation
48:17 Gold Shaft Mining
50:47 Light Cavalry
56:08 Tusk Swords
56:17 Stone Mining
61:54 Double Crossbow
juhelak
4:17 Loom
11:50 Feudal Age
12:24 Double-Bit Axe
12:53 Champi Runner
16:36 Arson
17:47 Horse Collar
19:23 Scale Mail Armor
21:24 Town Watch
23:53 Castle Age
22:30 Gold Mining
22:51 Forging
24:54 Chain Mail Armor
24:05 Champi Warrior
24:48 Squires
26:18 Wheelbarrow
29:25 Bow Saw
40:22 Imperial Age
37:48 Fletching
40:25 Elite Champi Warrior
41:41 Plate Mail Armor
43:08 Iron Casting
44:32 Heavy Plow
45:08 Gold Shaft Mining
46:30 Blast Furnace
46:46 Fabric Shields
48:10 Bodkin Arrow
49:58 Bracer
50:33 Pikeman
52:02 Conscription
53:28 Chemistry
53:43 Masonry
53:35 Arrowslits
54:03 Masonry
54:16 Ballistics
54:47 Halberdier
57:05 Stone Mining
59:35 Coinage
61:40 Hand Cart
61:26 Town Patrol
62:05 Padded Archer Armor
62:14 Guard Tower
Kapitan_Flafik_cz
3:06 Loom
13:49 Feudal Age
14:29 Horse Collar
14:38 Double-Bit Axe
21:13 Castle Age
21:50 Wheelbarrow
22:14 Scale Barding Armor
32:30 Chain Barding Armor
34:12 Hand Cart
35:57 Town Watch
36:15 Fletching
36:36 Forging
38:38 Bloodlines
45:01 Imperial Age
45:20 Iron Casting
45:02 Gold Mining
45:11 Light Cavalry
50:23 Blast Furnace
53:05 Plate Barding Armor
53:56 Bodkin Arrow
54:40 Hussar
Just fun
4:35 Loom
13:33 Feudal Age
14:07 Double-Bit Axe
21:16 Castle Age
21:22 Fletching
28:22 Elite Skirmisher
36:38 Bow Saw
36:59 Bodkin Arrow
39:30 Wheelbarrow
40:55 Ballistics
44:47 Imperial Age
48:59 Imperial Age
52:06 Imperial Age
55:24 Conscription
55:45 Bloodlines
56:45 Husbandry
57:07 Horse Collar
58:42 Hand Cart
59:17 Scale Barding Armor
61:29 Heavy Plow
61:58 Chain Barding Armor
61:57 Light Cavalry
62:02 Elite Tarkan
62:43 Hussar
gg_Karlinx
9:45 Loom
12:06 Feudal Age
13:09 Town Watch
13:19 Double-Bit Axe
16:24 Fletching
16:34 Padded Archer Armor
23:32 Castle Age
21:45 Gold Mining
21:38 Horse Collar
23:34 Crossbowman
24:12 Bodkin Arrow
27:22 Ballistics
29:56 Wheelbarrow
39:04 Imperial Age
38:40 Hand Cart
42:32 Chemistry
41:49 Bracer
42:16 Leather Archer Armor
42:43 Arbalester
47:04 Thumb Ring
51:02 Ring Archer Armor
50:43 Forging
60:42 Bow Saw
60:37 Heavy Plow
60:30 Stone Mining
Connection lost

Rejoining the realm…

Still unreachable

The connection could not be restored.

Session expired

The server has moved on; the page needs a fresh start.